 Dungeon Crawl Stone Soup version 0.29.1-15-g9cfb28693d (webtiles) character file.

Game seed: 7773035121623640989

7315 BuddhaDhamma the Severer (level 10, -4/75 (77) HPs)
             Began as a Minotaur Berserker on Mar 8, 2023.
             Was an Elder of Trog.
             Slain by a wight
             ... wielding a +0 halberd
              (8 damage)
             ... on level 9 of the Dungeon.
             The game lasted 00:13:15 (8438 turns).

BuddhaDhamma the Severer (Minotaur Berserker)       Turns: 8438, Time: 00:13:16

HP:   -4/75 (77)    AC: 15    Str: 32    XL:     10   Next: 90%
MP:   9/9           EV:  8    Int:  4    God:    Trog [****..]
Gold: 336           SH:  3    Dex: 16    Spells: 9/9 levels left

rFire   . . .      SeeInvis .   s - +1 war axe (flame)
rCold   . . .      Faith    .   t - +0 buckler
rNeg    . . .      Spirit   .   y - +0 plate armour
rPois   .          Reflect  .   D - +0 hat {Will+}
rElec   .          Harm     .   v - +2 cloak {Stlth+}
rCorr   .          Rampage  .   (no gloves)
Will    +....                   b - +0 pair of boots
Stlth   ..........              (no amulet)
HPRegen 0.22/turn               g - +6 ring of dexterity
MPRegen 0.11/turn               i - +6 ring of strength

@: on berserk cooldown, slowed, lightly drained, very slow
A: horns 2, retaliatory headbutt
a: Renounce Religion, Berserk, Trog's Hand, Brothers in Arms


You were on level 9 of the Dungeon.
You worshipped Trog.
Trog was greatly pleased with you.
You visited 1 branch of the dungeon, and saw 9 of its levels.

You collected 336 gold pieces.

Inventory:

Hand Weapons
 s - a +1 war axe of flaming (weapon)
Missiles
 k - 6 poisoned darts (quivered)
Armour
 b - a +0 pair of boots (worn)
 t - a +0 buckler (worn)
 v - a +2 cloak of stealth (worn)
 y - a +0 plate armour (worn)
 D - a +0 hat of willpower (worn)
Jewellery
 g - a +6 ring of dexterity (left hand)
 i - a +6 ring of strength (right hand)
 u - an amulet of magic regeneration
 x - a +6 ring of strength
 A - a ring of magical power
Wands
 q - a wand of flame (27)
Scrolls
 d - 2 scrolls of teleportation
 j - a scroll of vulnerability
 o - 2 scrolls of blinking
 p - a scroll of enchant weapon
 w - a scroll of fear
 B - a scroll of brand weapon
Potions
 a - 6 potions of heal wounds
 c - 2 potions of degeneration
 e - a potion of curing
 f - 3 potions of cancellation
 h - 2 potions of lignification
 l - 2 potions of haste
 m - a potion of brilliance {unknown}
 n - a potion of might {unknown}
 r - 2 potions of mutation
 z - a potion of invisibility {unknown}


   Skills:
 - Level 3.6 Fighting
 + Level 19.5 Axes
 - Level 2.4 Armour
 - Level 2.1 Dodging


You had 9 spell levels left.
You didn't know any spells.
Your spell library was empty.

Dungeon Overview and Level Annotations

Branches:
Dungeon (9/15)             Temple (0/1) D:4
   Lair: D:8-11         Orc: D:9-12

Altars:
Gozag
Kikubaaqudgha
Sif Muna
Wu Jian
Zin
The Shining One


Innate Abilities, Weirdness & Mutations

You have a pair of horns on your head.
You reflexively headbutt those who attack you in melee.


Message History

a +3 hand axe; a +0 robe You block the wight's attack.
The wight hits you with a +3 halberd of freezing.
The wight freezes you. The wight barely misses you. You furiously retaliate!
You headbutt the wight! The wight hits you with a +1 scimitar.
You feel drained. The wight hits you with a +0 halberd.
The wight hits you with a +3 halberd of freezing!
The wight freezes you.
* * * LOW HITPOINT WARNING * * *
You see here a +2 pair of gloves.
You hit the wight but do no damage.
You headbutt the wight, but do no damage.
You hit the wight but do no damage. You hit the wight. You burn the wight.
The wight hits you with a +1 scimitar.
* * * LOW HITPOINT WARNING * * *
You feel drained.
* * * LOW HITPOINT WARNING * * *
The wight barely misses you. You furiously retaliate!
You headbutt the wight! The wight hits you with a +0 halberd.
* * * LOW HITPOINT WARNING * * *
You hit the wight. You burn the wight.
You destroy the wight!
Trog accepts your kill.
You hit the wight. You burn the wight. You closely miss the wight.
The wight hits you but does no damage. The wight barely misses you.
You furiously retaliate!
You headbutt the wight!
You destroy the wight!
Trog accepts your kill. You block the wight's attack.
Things that are here:
a +3 halberd of freezing; a +0 robe The wight closely misses you.
The wight hits you with a +0 halberd!
* * * LOW HITPOINT WARNING * * *
Things that are here:
a +3 halberd of freezing; a +0 robe You barely miss the wight.
The wight is severely damaged.
The wight hits you with a +0 halberd!
You die...

#####...#####.......#
#...# #.....#.# #...#
##.####.. #...#
#.#... ##
####.######......
#............#.#
##.$....###.....
...#.......###..##...
........@z)).......#
....#..#.#).)##..##.#
.$. #........# .....
.. #...........##....
. #...#.#..###. ...
#........# . ..
##.......# .. .
####.#### #. ..


You could see a wight.

Vanquished Creatures
  Gastronok (D:8)
  Harold (D:9)
  Erica (D:8)
  Pikel (D:7)
  Psyche (D:8)
  Maggie (D:7)
  A hornet (D:9)
  Sigmund (D:6)
  A yak (D:6)
  Edmund (D:4)
  4 water moccasins
  An acid dragon (D:9)
  Duvessa (D:6)
  3 orc warriors
  An ice beast (D:5)
  2 black bears
  2 sky beasts (D:7)
  2 centaurs
  An ogre (D:6)
  Blork the orc (D:6)
  2 bullfrogs
  A gnoll sergeant (D:7)
  A necrophage (D:7)
  A scorpion (D:4)
  4 wights (D:9)
  Dowan (D:6)
  A howler monkey (D:5)
  3 jellies
  Crazy Yiuf (D:3)
  5 hounds
  A gnoll bouda (D:8)
  10 orc priests
  Jessica (D:3)
  Ijyb (D:3)
  An iguana (D:5)
  3 orc wizards
  13 gnolls
  6 adders
  A river rat (D:6)
  2 shadow imps
  A white imp (D:7)
  An ufetubus (D:7)
  A worm (D:6)
  A dart slug (D:1)
  22 orcs
  6 ball pythons
  9 endoplasms
  A giant cockroach (D:3)
  11 goblins
  6 hobgoblins
  3 quokkas
  9 bats
  8 frilled lizards
  6 kobolds
  8 rats
180 creatures vanquished.

Vanquished Creatures (others)
  10 plants (D:1)
10 creatures vanquished.

Grand Total: 190 creatures vanquished

Notes
Turn   | Place    | Note
-------+----------+-------------------------------------------
     0 | D:1      | BuddhaDhamma the Minotaur Berserker began the quest for the
                  | Orb.
     0 | D:1      | Reached XP level 1. HP: 19/19 MP: 0/0
   102 | D:1      | Reached skill level 4 in Axes
   229 | D:1      | Reached XP level 2. HP: 14/26 MP: 1/1
   779 | D:1      | Found a faded altar of an unknown god.
   785 | D:1      | Reached skill level 5 in Axes
   790 | D:1      | Reached XP level 3. HP: 25/31 MP: 2/2
   876 | D:1      | Reached ** piety under Trog
  1358 | D:2      | Reached skill level 6 in Axes
  1358 | D:2      | Reached XP level 4. HP: 39/39 MP: 3/3
  1663 | D:3      | Noticed Ijyb
  1674 | D:3      | Killed Ijyb
  1911 | D:3      | Noticed Jessica
  1915 | D:3      | Killed Jessica
  1916 | D:3      | Reached skill level 7 in Axes
  1916 | D:3      | Reached XP level 5. HP: 45/45 MP: 4/4
  2229 | D:3      | Found a runed translucent door.
  2230 | D:3      | Noticed Crazy Yiuf
  2240 | D:3      | Killed Crazy Yiuf
  2360 | D:3      | Noticed a black bear
  2366 | D:3      | Killed a black bear
  2367 | D:3      | Reached skill level 8 in Axes
  2367 | D:3      | Reached XP level 6. HP: 51/51 MP: 5/5
  2676 | D:4      | Reached *** piety under Trog
  2789 | D:4      | Reached skill level 9 in Axes
  3026 | D:4      | Noticed Edmund
  3033 | D:4      | Killed Edmund
  3034 | D:4      | Reached skill level 10 in Axes
  3034 | D:4      | Reached XP level 7. HP: 57/57 MP: 6/6
  3437 | D:4      | Found a staircase to the Ecumenical Temple.
  3704 | D:5      | Entered Level 5 of the Dungeon
  3854 | D:5      | Reached skill level 11 in Axes
  4278 | D:6      | Noticed Sigmund
  4281 | D:6      | Found an ancient bone altar of Kikubaaqudgha.
  4289 | D:6      | Killed Sigmund
  4290 | D:6      | Reached skill level 12 in Axes
  4290 | D:6      | Reached XP level 8. HP: 64/64 MP: 7/7
  4455 | D:6      | Noticed Duvessa
  4456 | D:6      | Noticed Dowan
  4464 | D:6      | Killed Duvessa
  4466 | D:6      | Killed Dowan
  4628 | D:6      | Noticed Blork the orc
  4638 | D:6      | Killed Blork the orc
  4639 | D:6      | Reached skill level 13 in Axes
  4761 | D:6      | Found an opulent altar of Gozag.
  4762 | D:6      | Found an ornate altar of the Wu Jian Council.
  4762 | D:6      | Found a shimmering blue altar of Sif Muna.
  4762 | D:6      | Found a glowing golden altar of the Shining One.
  4763 | D:6      | Found a glowing silver altar of Zin.
  4926 | D:6      | Found a glowing drain.
  5124 | D:6      | Reached skill level 14 in Axes
  5129 | D:6      | Reached XP level 9. HP: 38/70 MP: 8/8
  5435 | D:6      | Reached **** piety under Trog
  5560 | D:7      | Noticed Maggie
  5569 | D:7      | Killed Maggie
  5570 | D:7      | Reached skill level 15 in Axes
  5785 | D:7      | Noticed Pikel
  5793 | D:7      | Killed Pikel
  5892 | D:7      | Reached skill level 16 in Axes
  6706 | D:8      | Noticed Psyche
  6713 | D:8      | Killed Psyche
  6714 | D:8      | Reached skill level 17 in Axes
  6714 | D:8      | Reached XP level 10. HP: 47/77 MP: 9/9
  7793 | D:8      | Noticed Erica
  7803 | D:8      | Killed Erica
  7897 | D:8      | Noticed Gastronok
  7905 | D:8      | Killed Gastronok
  7906 | D:8      | Reached skill level 18 in Axes
  8223 | D:9      | Reached skill level 19 in Axes
  8406 | D:9      | Noticed Harold
  8428 | D:9      | Killed Harold
  8437 | D:9      | HP: 3/75 [wight/+0 halberd (12)]
  8438 | D:9      | Slain by a wight

Illustrated notes

Levels and vault maps discovered:
D:1:      denvon_arrival_planthouse, layout_basic,
          hellmonk_ecumenical_altar_arch_garden, minmay_tromino_i4
D:2:      layout_rooms
D:3:      layout_loops_ring, serial_co_window_serial, co_window_paths_b,
          co_window_corner_a, co_window_paths_a, co_window_corner_a,
          co_window_paths_b, co_window_of_opportunity_c, co_window_2corner,
          co_window_of_opportunity_b, co_window_corner_b, co_window_paths_c,
          glass_columns_c, uniq_ijyb, uniq_crazy_yiuf_cottage, uniq_jessica
D:4:      layout_loops_ring, minmay_temple_entry_poolview,
          chequers_serial_rivers_large_b, uniq_edmund
D:5:      layout_cave_pools
D:6:      layout_basic, mainiacjoe_overflow_small_starburst,
          grunt_temple_overflow_open, lightli_sewer_entry_pipes,
          minmay_quadrilaterals, uniq_sigmund, uniq_blork_the_orc, uniq_duvessa
D:7:      layout_loops_ring, item_on_display_a, uniq_maggie, uniq_pikel
D:8:      layout_cave_pods, nrook_mini_backslash, uniq_gastronok, uniq_erica,
          uniq_psyche
D:9:      cheibrodos_ideogram_h, layout_loops_cross,
          mainiacjoe_overflow_brackets, uniq_harold

Skill      XL: |  1  2  3  4  5  6  7  8  9 10 |
---------------+-------------------------------+-----
Axes           | 4 5 6 7 8 10 12 14 17 19 | 19.5
Fighting       | |  3.6
Armour         | |  2.4
Dodging        | |  2.1

Action                   |  1- 3 |  4- 6 |  7- 9 | 10-12 || total
-------------------------+-------+-------+-------+-------++-------
Melee: Hand axe          |    71 |    80 |       |       ||   151
       Headbutt          |     9 |    17 |    35 |    16 ||    77
       War axe           |       |    11 |   199 |    62 ||   272
Throw: Dart              |       |       |       |     5 ||     5
Invok: Berserk           |     1 |     4 |     3 |     2 ||    10
  Use: Scroll            |       |       |    15 |     2 ||    17
Armor: Animal skin       |     2 |       |       |       ||     2
       Leather armour    |     5 |       |       |       ||     5
       Scale mail        |    14 |     3 |       |       ||    17
       Chain mail        |       |    46 |    52 |       ||    98
       Plate armour      |       |       |    37 |    25 ||    62
Dodge: Dodged            |    45 |    34 |    71 |    25 ||   175
Block: Buckler           |       |     5 |    17 |     9 ||    31
